 Dungeon Crawl Stone Soup version 0.21.1-1-g345015f (webtiles) character file.

8213 PaperRat the Spear-Bearer (level 11, -1/93 (94) HPs)
             Began as a Centaur Chaos Knight on Mar 14, 2018.
             Incinerated by TheNamelessOne's ghost (4 damage)
             ... with a sticky flame
             ... on level 9 of the Dungeon.
             The game lasted 01:26:16 (8366 turns).

PaperRat the Spear-Bearer (Centaur Chaos Knight)    Turns: 8366, Time: 01:26:17

HP:   -1/93 (94)    AC: 14    Str: 21 (22) XL:     11   Next: 7%
MP:   0/15          EV:  7    Int: 11      God:    Xom [......]
Gold: 181           SH:  0    Dex:  9      Spells: 10/10 levels left

rFire    + . .     SeeInvis +   c - +1 halberd
rCold    + . .     Gourm    .   (shield currently unavailable)
rNeg     . . .     Faith    .   s - +4 scale mail "Jeqinihu" {Str+4}
rPois    +         Spirit   +   m - +2 helmet
rElec    +         Reflect  .   q - scarf {Spirit}
rCorr    +         Harm     .   (no gloves)
MR       +....                  (no barding)
Stlth    ..........             w - amulet of rage
HPRegen  0.25/turn              t - ring of protection from magic
MPRegen  0.14/turn              (no ring)

@: liquid flames, resistant (expiring), glowing, extremely drained, very quick
A: large, claws 2, hooves 3, see invisible, blink, deformed body, speed 2,
poison resistance, shaggy fur 1, electricity resistance, tough skin 3
a: Blink, Renounce Religion, Evoke Berserk Rage


You were on level 9 of the Dungeon.
You worshipped Xom.
You were a very special plaything of Xom.
You were not hungry.

You visited 1 branch of the dungeon, and saw 9 of its levels.

You collected 455 gold pieces.
You spent 274 gold pieces at shops.

Inventory:

Hand Weapons
 a - a +1 spear of chaos
 b - a +0 shortbow
 c - a +1 halberd (weapon)
 y - a +4 flail of chaos
Missiles
 d - 250 stones
 v - a throwing net
 x - 48 arrows
 A - 4 tomahawks of returning (quivered)
Armour
 m - a +2 helmet (worn)
 q - a scarf of spirit shield (worn)
 s - the +4 scale mail "Jeqinihu" (worn) {Str+4}
   (You bought it in a shop on level 7 of the Dungeon)

   It affects your strength (+4).
 z - a +0 shield
Jewellery
 t - a ring of protection from magic (left claw)
 w - an amulet of rage (around neck)
Wands
 E - a wand of flame (10)
Scrolls
 e - a scroll of identify
 f - a scroll of enchant weapon
 g - 2 scrolls of enchant armour
 i - a scroll of amnesia
 o - 4 scrolls of remove curse
 u - a scroll of teleportation
 B - a scroll of blinking
Potions
 l - a potion of haste
 p - a potion of brilliance
 r - a potion of cancellation
 C - a potion of might
Miscellaneous
 j - a lamp of fire (inert)
Comestibles
 n - 13 rations


   Skills:
 + Level 8.2(1.8) Fighting
 * Level 3.3(0.0) Maces & Flails
 - Level 9.5(2.9) Polearms
 + Level 5.5(0.0) Bows
 + Level 5.9(0.0) Armour
 - Level 2.0(0.0) Dodging
 + Level 5.8(0.0) Evocations


You had 10 spell levels left.
You didn't know any spells.

Dungeon Overview and Level Annotations

Branches:
Dungeon (9/15)             Temple (0/1) D:4             Orc (0/2) D:9
   Lair: D:8-11

Altars:
Gozag
Hepliaklqana
Kikubaaqudgha
Sif Muna
Trog
Uskayaw
Xom

Shops:
D:4 *!   D:6 *   D:7 [   D:9 [

Annotations:
D:9 Gastronok; TheNamelessOne's ghost, journeyman DsFE


Innate Abilities, Weirdness & Mutations

You have hooves in place of feet.
Armour fits poorly on your strangely shaped body.
You cover ground very quickly.
You have extremely tough skin. (AC +3)
You have very sharp fingernails.
You have supernaturally acute eyesight. (SInv)
You can translocate small distances at will.
Your system is resistant to poisons. (rPois)
You are covered in fur. (AC +1)
You are resistant to electric shocks. (rElec)


Message History

The sticky flame hits you! You resist.
You are covered in liquid flames!
* * * LOW HITPOINT WARNING * * *
The quokka bites you but does no damage.
TheNamelessOne's ghost hits you but does no damage.
You feel drained.
You are covered in liquid flames!
* * * LOW HITPOINT WARNING * * *
You are covered in liquid flames!
You are covered in liquid flames!
* * * LOW HITPOINT WARNING * * *
You are covered in liquid flames!
* * * LOW HITPOINT WARNING * * *
You are covered in liquid flames!
* * * LOW HITPOINT WARNING * * *
Your magical effects are unravelling.
You feel magically purged.
You are covered in liquid flames!
You die... "It's all fun and games until someone loses an eye."

##########...............##
...........#...........###
#########....##...#.#.##
#...##.#.####....#...
#........####.#..#####
##...#......[..#..#
#.......##.....#..###### #
###.......#............... #####
#........>...###@#..##### ...#.
#.#......#..h###.#..########.....
#.#..........W##r#......[......#
......##...<...r.##....))...####
#..#####.......############.#####
...# #.......# #..w.oo
.#.#####.......## #######
..).............# #.
).............".# #.


You could see a quokka and a rat.

Vanquished Creatures
  The ghost of shugdite the Carver, a journeyman MiFi of Okawaru (D:8)
  2 two-headed ogres (D:9)
  Pikel (D:8)
  A hornet (D:9)
  Grinder (D:4)
  A hippogriff (D:8)
  Sigmund (D:3)
  Grum (D:8)
  A hungry ghost (D:9)
  Edmund (D:6)
  4 water moccasins
  2 sky beasts
  2 black bears
  4 ice beasts
  3 orc warriors
  4 phantoms
  3 ogres
  3 centaurs
  3 wolves (D:8)
  6 bullfrogs
  4 killer bees (D:7)
  6 howler monkeys
  4 wights (D:7)
  A crimson imp (D:7)
  2 centaur zombies
  A quasit (D:6)
  A jelly (D:7)
  4 hounds
  11 orc wizards
  A centaur skeleton (D:5)
  A gnoll shaman (D:7)
  2 orc priests (D:7)
  2 bullfrog skeletons
  Terence (D:3)
  2 worker ants
  2 hound zombies
  15 gnolls
  10 adders
  A river rat (D:3)
  A shadow imp (D:5)
  3 worms
  2 dart slugs (D:3)
  5 leopard geckos
  32 orcs
  7 bats
  A bat zombie (D:8)
  9 hobgoblins
  14 jackals
  7 kobolds
  5 quokkas
  3 ball pythons
  7 frilled lizards
  12 goblins
  A quokka skeleton (D:8)
  A quokka zombie (D:6)
  3 rats
229 creatures vanquished.

Vanquished Creatures (collateral kills)
  An ogre (D:8)
1 creature vanquished.

Vanquished Creatures (others)
  A sky beast (D:5)
  3 slaves (D:8)
  A bullfrog (D:8)
  2 howler monkeys (D:8)
  A quasit (D:8)
8 creatures vanquished.

Grand Total: 238 creatures vanquished

Notes
Turn   | Place    | Note
-------+----------+-------------------------------------------
     0 | D:1      | PaperRat the Centaur Chaos Knight began the quest for the Orb.
     0 | D:1      | Reached XP level 1. HP: 19/19 MP: 1/1
   164 | D:1      | XOM: divination: detect creatures
   457 | D:1      | XOM: harmless Air miscast
   462 | D:1      | Reached XP level 2. HP: 26/26 MP: 2/2
   466 | D:1      | Reached skill level 3 in Polearms
   540 | D:1      | Reached skill level 1 in Dodging
   681 | D:1      | XOM: divination: detect creatures
   757 | D:2      | Reached XP level 3. HP: 19/31 MP: 3/3
   935 | D:2      | XOM: harmless Air miscast
   960 | D:2      | XOM: give mutations
   960 | D:2      | Gained mutation: You have sharp fingernails. [Xom's grace]
   960 | D:2      | Gained mutation: Your mind is acute. (Int +2) [Xom's grace]
   960 | D:2      | Gained mutation: You are resistant to electric shocks. (rElec) [Xom's grace]
   999 | D:2      | XOM: give mutations
   999 | D:2      | Gained mutation: You are partially covered in icy blue scales. (AC +2) [Xom's grace]
   999 | D:2      | Gained mutation: You have a pair of small horns on your head. [Xom's grace]
  1140 | D:2      | XOM: god gift: lamp of fire
  1175 | D:2      | Reached XP level 4. HP: 31/38 MP: 4/4
  1675 | D:2      | XOM: give mutations
  1675 | D:2      | Gained mutation: You have a pair of horns on your head. [Xom's grace]
  1675 | D:2      | Gained mutation: You have supernaturally acute eyesight. (SInv) [Xom's grace]
  1675 | D:2      | Gained mutation: You have very sharp fingernails. [Xom's grace]
  1675 | D:2      | Gained mutation: Your system is resistant to poisons. (rPois) [Xom's grace]
  1774 | D:2      | XOM: give mutations
  1774 | D:2      | Gained mutation: You are covered in fur. (AC +1) [Xom's grace]
  1774 | D:2      | Gained mutation: Your muscles are strong. (Str +2) [Xom's grace]
  1774 | D:2      | Gained mutation: You can translocate small distances at will. [Xom's grace]
  1845 | D:3      | Reached XP level 5. HP: 13/45 MP: 5/5
  2068 | D:3      | Reached skill level 1 in Evocations
  2088 | D:3      | Reached skill level 4 in Polearms
  2088 | D:3      | XOM: mild Tloc miscast
  2267 | D:3      | Noticed Terence
  2281 | D:3      | Killed Terence
  2302 | D:3      | Found a hide-covered altar of Uskayaw.
  2307 | D:3      | Found a deep blue altar of Sif Muna.
  2312 | D:3      | Found a hazy altar of Hepliaklqana.
  2359 | D:3      | XOM: potion effect (agility)
  2363 | D:3      | Reached XP level 6. HP: 30/52 MP: 7/7
  2379 | D:3      | XOM: cast spell 'Cause Fear'
  2565 | D:3      | You fall through a shaft!
  2635 | D:4      | Noticed Grinder
  2656 | D:4      | XOM: enchant monster (bad)
  2682 | D:4      | Found a staircase to the Ecumenical Temple.
  2694 | D:4      | XOM: noise
  2704 | D:4      | Found Kojaet's Distillery.
  2715 | D:4      | XOM: confusion (+ monsters)
  2729 | D:4      | Killed Grinder
  2729 | D:4      | Reached skill level 5 in Polearms
  2729 | D:4      | Reached XP level 7. HP: 43/60 MP: 8/8
  2870 | D:4      | Bought a potion of curing for 30 gold pieces
  2870 | D:4      | Bought a potion of degeneration for 10 gold pieces
  3013 | D:3      | Noticed Sigmund
  3030 | D:3      | XOM: 1-stop teleportation journey
  3055 | D:3      | XOM: destruction
  3067 | D:3      | Killed Sigmund
  3071 | D:3      | XOM: enchant monster (bad)
  3076 | D:3      | XOM: give mutations
  3076 | D:3      | Lost mutation: Your muscles are strong. (Str +2) [Xom's mischief]
  3076 | D:3      | Lost mutation: You have a pair of horns on your head. [Xom's mischief]
  3090 | D:3      | XOM: confuse monster(s)
  3159 | D:3      | XOM: mild Hex miscast
  3240 | D:4      | Found Kaadaikh's General Store.
  3425 | D:4      | Found a bloodstained altar of Trog.
  3477 | D:5      | Entered Level 5 of the Dungeon
  3612 | D:5      | XOM: destruction
  3623 | D:5      | Reached XP level 8. HP: 54/67 MP: 10/10
  3794 | D:5      | Reached skill level 5 in Fighting
  3844 | D:5      | Reached skill level 6 in Polearms
  3873 | D:5      | XOM: divination: magic mapping
  4281 | D:5      | XOM: 1-stop teleportation journey
  4545 | D:5      | XOM: give mutations
  4545 | D:5      | Lost mutation: You are partially covered in icy blue scales. (AC +2) [Xom's mischief]
  4545 | D:5      | Lost mutation: Your mind is acute. (Int +2) [Xom's mischief]
  4545 | D:5      | Lost mutation: You have a pair of small horns on your head. [Xom's mischief]
  4823 | D:6      | XOM: medium Air miscast
  4839 | D:6      | XOM: mild Pois miscast
  5195 | D:6      | XOM: summons 3 hostile shadow creatures
  5207 | D:6      | XOM: enchant monster (good)
  5211 | D:6      | XOM: summons friendly iron imp
  5240 | D:6      | Reached skill level 7 in Polearms
  5317 | D:6      | Noticed Edmund
  5349 | D:6      | XOM: potion effect (heal wounds)
  5354 | D:6      | Killed Edmund
  5354 | D:6      | Reached XP level 9. HP: 71/75 MP: 12/12
  5432 | D:6      | XOM: summons 4 hostile demons
  5439 | D:6      | XOM: blink monster(s)
  5556 | D:6      | Found Defios's Serpentskin Sales.
  5573 | D:6      | XOM: confusion
  5696 | D:7      | XOM: 1-stop teleportation journey
  5713 | D:7      | Reached skill level 8 in Polearms
  5735 | D:7      | XOM: blink monster(s)
  5763 | D:7      | Found Sophuchi's Antique Armour Shoppe.
  5784 | D:7      | XOM: confuse monster(s)
  5824 | D:7      | XOM: mild Pois miscast
  5826 | D:7      | XOM: god gift: 22 stones
  6231 | D:7      | Bought a brightly glowing scale mail for 234 gold pieces
  6248 | D:6      | Identified the +4 scale mail "Jeqinihu" {Str+4} (You bought it in a shop on level 7 of the Dungeon)
  6349 | D:7      | XOM: confuse monster(s)
  6374 | D:7      | XOM: chaos upgrade
  6375 | D:7      | Reached skill level 1 in Bows
  6399 | D:7      | XOM: scenery: create altars
  6415 | D:7      | XOM: potion effect (heal wounds)
  6416 | D:7      | XOM: cleaving
  6489 | D:7      | Found an opulent altar of Gozag.
  6517 | D:7      | Reached skill level 5 in Armour
  6758 | D:7      | XOM: god gift: scroll labeled UNEUMA ROGHERAGHA {god gift}
  6770 | D:8      | XOM: enchant monster (good)
  6860 | D:8      | Noticed Pikel
  6860 | D:8      | XOM: divination: detect creatures
  6876 | D:8      | Killed Pikel
  6876 | D:8      | Reached skill level 9 in Polearms
  6876 | D:8      | Reached XP level 10. HP: 86/86 MP: 13/13
  6913 | D:8      | XOM: mild Tmut miscast
  6916 | D:8      | Found an ancient bone altar of Kikubaaqudgha.
  6947 | D:8      | XOM: confuse monster(s)
  6969 | D:8      | Found an ancient bone altar of Kikubaaqudgha.
  6974 | D:8      | Noticed shugdite's ghost (journeyman MiFi)
  6974 | D:8      | XOM: summons friendly iron imp
  6976 | D:8      | XOM: divination: magic mapping
  6983 | D:8      | XOM: noise
  7006 | D:8      | Killed shugdite's ghost
  7006 | D:8      | Reached skill level 5 in Evocations
  7351 | D:8      | Reached skill level 1 in Maces & Flails
  7360 | D:8      | Noticed Grum
  7362 | D:8      | Killed Grum
  7503 | D:8      | XOM: harmless Necr miscast
  7752 | D:9      | XOM: mild Ice miscast
  7818 | D:9      | Noticed a two-headed ogre
  7830 | D:9      | XOM: divination: detect items
  7831 | D:9      | Killed a two-headed ogre
  7831 | D:9      | Reached skill level 5 in Bows
  8007 | D:9      | Found a staircase to the Orcish Mines.
  8007 | D:9      | XOM: 3-stop teleportation journey
  8008 | D:9      | Noticed Gastronok
  8009 | D:9      | Noticed a two-headed ogre
  8012 | D:9      | Found Siegupu's Armour Shop.
  8034 | D:9      | Killed a two-headed ogre
  8034 | D:9      | Reached XP level 11. HP: 69/94 MP: 10/15
  8058 | D:9      | Noticed TheNamelessOne's ghost (journeyman DsFE)
  8064 | D:9      | XOM: harmless Tloc miscast
  8175 | D:8      | XOM: mild Necr miscast
  8232 | D:8      | XOM: stat loss: -1 Str (21/22)
  8354 | D:9      | XOM: polymorph bat -> jackal
  8363 | D:9      | HP: 4/93 [burnt (1)]
  8366 | D:9      | Incinerated by TheNamelessOne's ghost

Skill      XL: |  1  2  3  4  5  6  7  8  9 10 |
---------------+-------------------------------+-----
Polearms       | 3 4 5 7 9 |  9.5
Dodging        | 1 2 |  2.0
Armour         | 2 3 4 5 |  5.9
Evocations     | 1 2 3 4 5 |  5.8
Fighting       | 4 6 7 8 |  8.2
Bows           | 2 5 |  5.5
Maces & Flails | 3 |  3.3

Action                   |  1- 3 |  4- 6 |  7- 9 | 10-12 || total
-------------------------+-------+-------+-------+-------++-------
Melee: Spear             |    94 |   203 |   556 |   231 ||  1084
       Kick              |     5 |    30 |   118 |    54 ||   207
       Headbutt          |     3 |    22 |    12 |       ||    37
       Halberd           |       |       |       |     6 ||     6
 Fire: Shortbow          |       |       |     2 |    19 ||    21
Throw: Stone             |    15 |    12 |    24 |       ||    51
Evoke: Lamp of fire      |       |     1 |       |     1 ||     2
       Wand              |       |       |     2 |     7 ||     9
  Use: Scroll            |     3 |     3 |     5 |     6 ||    17
       Potion            |       |     1 |     2 |     3 ||     6
 Stab: Confused          |       |     1 |    10 |     3 ||    14
       Paralysed         |       |       |     5 |    11 ||    16
       Petrified         |       |       |    11 |       ||    11
       Petrifying        |       |       |     1 |       ||     1
       Sleeping          |       |       |       |     1 ||     1
  Eat: Chunk             |       |     4 |     6 |     5 ||    15
       Ration            |       |       |     2 |     1 ||     3
Armor: Leather armour    |    39 |    56 |   121 |       ||   216
       Scale mail        |       |       |    34 |    85 ||   119
       Skin              |       |       |       |     8 ||     8
Dodge: Dodged            |    30 |    62 |   128 |    51 ||   271
